 Dungeon Crawl Stone Soup version 0.18-a0-1405-g73f4075 (webtiles) character file.

3805 gorblad the Fighter (level 9, -12/102 HPs)
             Began as a Troll Monk on Feb 25, 2016.
             Mangled by a yak (14 damage)
             ... on level 8 of the Dungeon.
             The game lasted 00:12:33 (6158 turns).

gorblad the Fighter (Troll Monk)                    Turns: 6158, Time: 00:12:34

Health: -12/102    AC: 13    Str: 22 (24) XL:     9   Next: 96%
Magic:  8/8        EV: 12    Int:  9      God:
Gold:   380        SH:  0    Dex: 11 (12) Spells: 0 memorised, 8 levels left

rFire  . . .     SeeInvis .       - Unarmed
rCold  . . .     Gourm    +     a - +2 robe
rNeg   . . .     Faith    .     (no shield)
rPois  +         Spirit   .     (helmet restricted)
rElec  .         Dismiss  .     r - +1 cloak {rPois}
rCorr  .         Reflect  .     (gloves unavailable)
SustAt .         Harm     .     (boots unavailable)
MR     .....                    (no amulet)
Stlth  +.........               t - +4 ring of protection
                                z - +3 ring of intelligence

@: not resistant to hostile enchantments, very unstealthy
A: unfitting armour, claws 3, fast metabolism 3, gourmand, regeneration 2,
shaggy fur 1, tough skin 2
a: no special abilities


You were on level 8 of the Dungeon.
You were completely stuffed.

You visited 1 branch of the dungeon, and saw 8 of its levels.

You collected 461 gold pieces.
You spent 81 gold pieces at shops.

Inventory:

Armour
 a - a +2 robe (worn)
 n - a +0 cloak
 r - a +1 cloak of poison resistance (worn)
Jewellery
 g - an uncursed ring of magical power
 t - a +4 ring of protection (right claw)
 z - a +3 ring of intelligence (left claw)
Wands
 y - a wand of lightning (6/15)
Scrolls
 c - 2 scrolls of recharging
 f - 4 scrolls of teleportation
 h - a scroll of enchant weapon
 m - a scroll of amnesia
 v - 2 scrolls of remove curse
Potions
 e - a potion of berserk rage
 i - 2 potions of heal wounds
 l - a potion of lignification
 o - a potion of flight
 p - a potion of cure mutation
 q - a potion of degeneration
 s - a potion of brilliance
 u - a potion of magic
Books
 j - a Necronomicon

   Spells                             Type                      Level
   a - Haunt                          Necromancy/Summoning         7
   b - Borgnjor's Revivification      Necromancy                   8
   c - Death's Door                   Charms/Necromancy            8
   d - Necromutation                  Transmutation/Necromancy     8
 w - a book of Necromancy

   Spells                             Type                      Level
   a - Pain                           Necromancy                   1
   b - Animate Skeleton               Necromancy                   1
   c - Vampiric Draining              Necromancy                   3
   d - Regeneration                   Charms/Necromancy            3
   e - Animate Dead                   Necromancy                   4
   f - Control Undead                 Necromancy                   4
Comestibles
 b - 10 bread rations
 d - 2 meat rations
 k - 6 beef jerkies
 x - 4 chunks of flesh
 B - 7 slices of pizza


   Skills:
 - Level 10.5 Fighting
 + Level 6.8 Dodging
 - Level 1.1 Stealth
 - Level 4.0 Unarmed Combat


You had 8 spell levels left.
You didn't know any spells.

Dungeon Overview and Level Annotations

Branches:
Dungeon (8/15)             Temple (0/1) D:5
   Lair: D:8-11

Altars:
Fedhas
Gozag
Kikubaaqudgha
Qazlal
Ru
Sif Muna
Xom

Shops:
D:4 *   D:6 [:*[


Innate Abilities, Weirdness & Mutations

You are too large for most types of armour.
You have claws for hands.
Your metabolism is lightning-fast.
You like to eat raw meat.
You heal very quickly.
You are covered in fur (AC +1).
You have very tough skin (AC +2).


Message History

The yak is almost dead.
The yak closely misses you.
You scratch the yak.
You kill the yak!
The yak gores you.
* * * LOW HITPOINT WARNING * * *
You scratch the yak.
The yak is lightly wounded.
The yak misses you.
You claw the yak!
The yak is moderately wounded.
The yak gores you but does no damage. The yak barely misses you. x2
You claw the yak!
The yak is moderately wounded.
The yak gores you!
* * * LOW HITPOINT WARNING * * *
The yak gores you!
* * * LOW HITPOINT WARNING * * *
The yak gores you!
You die...

#.# ###...###...# ###^###
#....#....##
..#..####.........# .... ##
.≈....####.........
..?..#.♣♣..._≈.###.........
......_..#_..≈.^.#.........
.....#..^..#...#..........#
.....##..≈..≈_###........##
......##≈Y@Y.###..........#
.......###Y####............
......Y...5####............
...........#.............).
...........................
...........................
...........................
...........................
..............P.......))...


You could see 3 yaks and a shadow imp.

Vanquished Creatures
  3 yaks
  A human (D:7)
  Eustachio (D:5)
  2 hogs (D:7)
  A hippogriff (D:7)
  Menkaure (D:5)
  Duvessa (D:5)
  2 phantoms
  3 orc warriors
  An ice beast (D:7)
  An ogre (D:7)
  2 centaurs
  3 giant frogs
  A gnoll sergeant (D:7)
  Dowan (D:5)
  A scorpion (D:5)
  4 wights (D:8)
  3 howler monkeys
  2 jellies
  A crimson imp (D:6)
  An orc priest (D:6)
  A hound (D:5)
  6 orc wizards
  Crazy Yiuf (D:5)
  Terence (D:2)
  3 iguanas
  7 worker ants
  A sheep (D:7)
  2 hound skeletons
  A howler monkey zombie (D:6)
  A worker ant zombie (D:7)
  11 gnolls
  8 adders
  An ooze (D:1)
  2 worms (D:3)
  A dart slug (D:3)
  2 giant geckos
  28 orcs
  4 ball pythons
  2 bat zombies (D:5)
  4 giant cockroaches
  A goblin (D:1)
  4 hobgoblins
  13 jackals
  A quokka (D:3)
  11 bats
  A giant newt (D:3)
  7 kobolds
  10 rats
  A rat zombie (D:5)
172 creatures vanquished.

Notes
Turn   | Place    | Note
--------------------------------------------------------------
     0 | D:1      | gorblad the Troll Monk began the quest for the Orb.
     0 | D:1      | Reached XP level 1. HP: 22/22 MP: 0/0
    49 | D:1      | Reached XP level 2. HP: 29/29 MP: 1/1
   507 | D:2      | Reached skill level 3 in Fighting
   507 | D:2      | Reached XP level 3. HP: 28/37 MP: 2/2
   510 | D:2      | Noticed Terence
   523 | D:2      | Killed Terence
   683 | D:2      | Reached XP level 4. HP: 46/46 MP: 3/3
   795 | D:2      | Reached skill level 4 in Fighting
   840 | D:2      | Found a sacrificial altar of Ru.
  1323 | D:3      | Reached XP level 5. HP: 55/55 MP: 4/4
  1511 | D:3      | Found an opulent altar of Gozag.
  1634 | D:3      | Found a stormy altar of Qazlal.
  1878 | D:3      | Found a blossoming altar of Fedhas.
  2008 | D:4      | Reached skill level 5 in Fighting
  2088 | D:4      | Reached XP level 6. HP: 53/66 MP: 5/5
  2184 | D:4      | Found Misuexui's Merry Market.
  2197 | D:4      | Gained mutation: You possess an exceptional clarity of mind. [potion of beneficial mutation]
  2667 | D:5      | Entered Level 5 of the Dungeon
  2673 | D:5      | Noticed Menkaure
  2689 | D:5      | Killed Menkaure
  2689 | D:5      | Reached skill level 6 in Fighting
  2806 | D:5      | Noticed Duvessa
  2806 | D:5      | Noticed Dowan
  2818 | D:5      | Killed Duvessa
  2818 | D:5      | Reached XP level 7. HP: 57/76 MP: 6/6
  2824 | D:5      | Killed Dowan
  2858 | D:5      | Reached skill level 7 in Fighting
  3270 | D:5      | Found an ancient bone altar of Kikubaaqudgha.
  3406 | D:5      | Noticed Crazy Yiuf
  3414 | D:5      | Killed Crazy Yiuf
  3547 | D:5      | Reached skill level 8 in Fighting
  3547 | D:5      | Reached XP level 8. HP: 78/88 MP: 7/7
  3584 | D:5      | Found a staircase to the Ecumenical Temple.
  3606 | D:5      | Noticed Eustachio
  3621 | D:5      | Killed Eustachio
  3783 | D:6      | Found Xyij's Assorted Antiques.
  3809 | D:6      | Bought a viscous white potion for 27 gold pieces
  3809 | D:6      | Bought a viscous dark potion for 27 gold pieces
  3809 | D:6      | Bought an orange potion for 27 gold pieces
  3810 | D:6      | Found Wenlat's Antique Armour Emporium.
  3897 | D:6      | Reached skill level 9 in Fighting
  4234 | D:6      | Found Qerad's Armour Shoppe.
  4305 | D:6      | Found Wodazuqu's Book Shop.
  4533 | D:7      | Found a deep blue altar of Sif Muna.
  4635 | D:7      | Reached skill level 10 in Fighting
  4674 | D:7      | Reached XP level 9. HP: 35/101 MP: 8/8
  5276 | D:7      | Lost mutation: You possess an exceptional clarity of mind. [potion of cure mutation]
  5298 | D:7      | Reached skill level 5 in Dodging
  6097 | D:8      | Found a shimmering altar of Xom.
  6109 | D:8      | Found a shimmering altar of Xom.
  6117 | D:8      | Found a shimmering altar of Xom.
  6124 | D:8      | Found a shimmering altar of Xom.
  6125 | D:8      | Found a shimmering altar of Xom.
  6158 | D:8      | HP: 2/102 [yak (10)]
  6158 | D:8      | Mangled by a yak

Vault maps used:
D:1:      lemuel_arrival_cross
D:2:      nicolae_ru_path_of_blood, uniq_terence
D:3:      nicolae_overflow_hidden_temple, grunt_gozag_breadcrumbs
D:4:      nicolae_alphabet_shops
D:5:      lemuel_zombie_altar_kikubaaqudgha,
          minmay_temple_entry_enclosed_plants, first_bread, uniq_duvessa,
          uniq_menkaure, uniq_crazy_yiuf_cottage, uniq_eustachio
D:6:      serial_shops, nicolae_shop_temple_entry_statues_fountains,
          shop_statue, nicolae_shop_behind_doors, shop_coins
D:7:      old_standard_altar, grunt_livestock
D:8:      david_lair_shrubbed, serial_bayou_pond_e, xom_redecorated

Skill      XL: |  1  2  3  4  5  6  7  8  9 |
---------------+----------------------------+-----
Dodging        | 3 6 |  6.8
Fighting       | 3 4 5 6 8 10 | 10.5
Stealth        | |  1.1
Unarmed Combat | |  4.0

Action                   |  1- 3 |  4- 6 |  7- 9 || total
-------------------------+-------+-------+-------++-------
Melee: Unarmed           |    61 |   196 |   359 ||   616
  Use: Scroll            |     5 |     5 |     6 ||    16
       Potion            |       |     3 |     5 ||     8
 Stab: Sleeping          |     1 |     3 |       ||     4
  Eat: Chunk             |     5 |    20 |    37 ||    62
